 Dungeon Crawl Stone Soup version 0.19.1-1-g22dce08 (webtiles) character file.

82 Megalobster the Conjurer (level 4, -2/24 HPs)
             Began as a Deep Elf Conjurer on Jan 13, 2017.
             Slain by an orc warrior
             ... wielding a +0 long sword
              (17 damage)
             ... on level 3 of the Dungeon.
             The game lasted 00:14:21 (2378 turns).

Megalobster the Conjurer (Deep Elf Conjurer)        Turns: 2378, Time: 00:14:22

Health: -2/24      AC:  3    Str:  6    XL:     4   Next: 21%
Magic:  2/11       EV: 13    Int: 20    God:
Gold:   98         SH:  0    Dex: 15    Spells: 3 memorised, 4 levels left

rFire  . . .     SeeInvis .     n - staff of earth
rCold  + . .     Gourm    .     a - +0 robe
rNeg   . . .     Faith    .     (no shield)
rPois  +         Spirit   .     (no helmet)
rElec  .         Reflect  .     (no cloak)
rCorr  .         Harm     .     c - +0 pair of gloves
MR     .....                    (no boots)
Stlth  ++........               (no amulet)
                                y - ring of poison resistance
                                v - ring of protection from cold

@: very slightly contaminated
A: no striking features
a: no special abilities


You were on level 3 of the Dungeon.
You were not hungry.

You visited 1 branch of the dungeon, and saw 3 of its levels.

You collected 98 gold pieces.

Inventory:

Hand Weapons
 e - a +0 hunting sling
 h - a +0 short sword
 o - a +0 dagger
Missiles
 d - 106 stones (quivered)
 t - 5 javelins
 A - 56 arrows
Armour
 a - a +0 robe (worn)
 c - a +0 pair of gloves (worn)
Magical Staves
 n - an uncursed staff of earth (weapon)
Jewellery
 v - a ring of protection from cold (left hand)
 y - a ring of poison resistance (right hand)
Scrolls
 f - a scroll of immolation {unknown}
 g - a scroll of fear {unknown}
 k - a scroll of identify {unknown}
 s - a scroll of teleportation {unknown}
 u - a scroll of blinking {unknown}
 x - a scroll of random uselessness {unknown}
 B - a scroll of enchant weapon {unknown}
Potions
 i - a potion of lignification {unknown}
 l - a potion of cure mutation {unknown}
 m - a potion of brilliance {unknown}
 q - a potion of cancellation {unknown}
 w - a potion of mutation {unknown}
 z - a potion of agility {unknown}
Books
 b - a book of Conjurations

   Spells                             Type                      Level
   a - Magic Dart                     Conjuration                  1
   b - Searing Ray                    Conjuration                  2
   c - Dazzling Spray                 Conjuration/Hexes            3
   d - Fulminant Prism                Conjuration/Hexes            4
   e - Iskenderun's Mystic Blast      Conjuration                  4
   f - Iskenderun's Battlesphere      Conjuration/Charms           5
Comestibles
 j - 6 chunks of flesh
 p - a royal jelly
 r - 2 bread rations


   Skills:
 + Level 2.5 Dodging
 - Level 2.4 Stealth
 + Level 3.8 Spellcasting
 * Level 5.9 Conjurations


You had 4 spell levels left.
You knew the following spells:

 Your Spells              Type           Power        Failure   Level  Hunger
a - Magic Dart            Conj           ####         1%          1    None
b - Searing Ray           Conj           ####..       1%          2    ##.....
c - Dazzling Spray        Conj/Hex       ###...       14%         3    ###....


Dungeon Overview and Level Annotations

Branches:
Dungeon (3/15)

Altars:
Fedhas
Okawaru
Sif Muna
The Shining One


Message History

Aim: an orc warrior, wielding a long sword and wearing a chain mail The searing ray hits the orc.
The orc closely misses you.
Some of the chunks of flesh in your inventory have rotted away.
The searing ray hits the orc.
You kill the orc!
The searing ray hits the orc warrior.
The orc warrior is lightly wounded.
The orc warrior hits you with a long sword.
The searing ray hits the orc warrior.
The orc warrior is lightly wounded.
You finish channeling your searing ray.
The orc warrior closely misses you. The orc barely misses you.
The orc misses you.
The orc warrior hits you with a long sword.
You hit the orc warrior.
The orc warrior is moderately wounded.
The orc barely misses you.
The orc warrior hits you with a long sword!
Ouch! That really hurt!
You die...

# #....##.#.......... #
#.....#.#..........#
#.....#.#.$........##
#.....#<#............ ...
#.....#.#..........#
..).#.....###..........#
........................#
................o.......##
...............@o.).......
.................##.......
............(....# .......
.................# ..)....
........#######+## .......
....... ####... ....). ...
.... ..


You could see an orc warrior and an orc.

Vanquished Creatures
  3 adders
  2 worms
  A dart slug (D:3)
  A leopard gecko (D:1)
  3 orcs (D:3)
  3 ball pythons (D:2)
  4 bats
  2 giant cockroaches
  4 hobgoblins
  3 quokkas
  3 frilled lizards
  4 goblins
  5 kobolds
  6 rats
44 creatures vanquished.

Notes
Turn   | Place    | Note
-------+----------+-------------------------------------------
     0 | D:1      | Megalobster the Deep Elf Conjurer began the quest for the Orb.
     0 | D:1      | Reached XP level 1. HP: 10/10 MP: 6/6
   429 | D:1      | Reached XP level 2. HP: 15/15 MP: 6/8
   434 | D:1      | Learned a level 2 spell: Searing Ray
   480 | D:1      | Reached skill level 5 in Conjurations
  1135 | D:2      | Found a deep blue altar of Sif Muna.
  1135 | D:2      | Found a faded altar of an unknown god.
  1140 | D:2      | Found a faded altar of an unknown god.
  1145 | D:2      | Found a glowing golden altar of the Shining One.
  1146 | D:2      | Found a faded altar of an unknown god.
  1308 | D:2      | Reached XP level 3. HP: 19/19 MP: 1/9
  1521 | D:2      | Found a blossoming altar of Fedhas.
  1657 | D:2      | Learned a level 3 spell: Dazzling Spray
  2065 | D:3      | Found an iron altar of Okawaru.
  2286 | D:3      | Reached XP level 4. HP: 24/24 MP: 8/11
  2365 | D:3      | Noticed an orc warrior
  2378 | D:3      | Slain by an orc warrior

Skill      XL: |  1  2 |
---------------+-------+-----
Conjurations   | 5 |  5.9
Dodging        | |  2.5
Stealth        | |  2.4
Spellcasting   | |  3.8

Action                   |  1- 3 |  4- 6 || total
-------------------------+-------+-------++-------
Melee: Staff             |     1 |     6 ||     7
 Cast: Magic Dart        |    63 |     9 ||    72
       Searing Ray       |    10 |     1 ||    11
  Use: Scroll            |     2 |       ||     2
  Eat: Bread ration      |     1 |       ||     1
Armor: Robe              |       |     1 ||     1
Dodge: Dodged            |     3 |    11 ||    14
